 Dungeon Crawl Stone Soup version 0.31-a0-1598-g94871bc2e8 (webtiles) character file.

Game seed: 5704854711042856820

168 tilp the Sneak (level 5, -11/34 (38) HPs)
             Began as a Vampire Enchanter on Jan 7, 2024.
             Mangled by a hell rat (14 damage)
             ... in a sewer.
             The game lasted 00:05:31 (2628 turns).

tilp the Sneak (Vampire Enchanter)                  Turns: 2628, Time: 00:05:31

HP:   -11/34 (38)   AC:  3    Str:  7    XL:     5   Next: 24%
MP:   6/8           EV: 12    Int: 20    God:
Gold: 110           SH:  0    Dex: 14    Spells: 3/8 levels left

rFire   . . .        a - +1 dagger
rCold   . . .        (no shield)
rNeg    . . .        b - +0 robe
rPois   .            (no helmet)
rElec   .            (no cloak)
rCorr   .            (no gloves)
SInv    +            l - +0 pair of boots
Will    .....        (no amulet)
Stlth   +++          (no ring)
HPRegen 0.45/turn    (no ring)
MPRegen 0.11/turn

%: no passive effects
@: healing quickly, heavily drained, invisible
A: alive, fangs 3, see invisible, vampiric 2
a: Exsanguinate


You were in a sewer.
You visited 1 branch of the dungeon, and saw 3 of its levels.
You also visited: Sewer.

You collected 110 gold pieces.

Inventory:

Hand Weapons
 a - a +1 dagger (weapon)
 q - the +9 hand axe of the Land of Plenty {freeze, rPois Will+}
   (You found it on level 3 of the Dungeon)

   rPois:     It protects you from poison Will+: It increases your willpower.
Missiles
 h - 6 poisoned darts (quivered)
 i - 4 boomerangs
Armour
 b - a +0 robe (worn)
 l - a +0 pair of boots (worn)
Magical Staves
 m - a staff of fire
Scrolls
 g - a scroll of poison {unknown}
 n - a scroll of teleportation
 o - a scroll of noise {unknown}
 r - a scroll of amnesia {unknown}
 s - a scroll of revelation {unknown}
Potions
 c - a potion of invisibility
 e - a potion of haste
 f - 2 potions of lignification
 p - a potion of berserk rage


   Skills:
 * Level 1.8 Fighting
 + Level 2.0(2.5) Short Blades
 * Level 2.1(2.4) Long Blades
 + Level 2.8 Dodging
 + Level 5.1 Stealth
 + Level 2.4 Spellcasting
 + Level 4.9 Hexes
 + Level 1.1 Ice Magic


You had 3 spell levels left.
You knew the following spells:

 Your Spells              Type           Power      Damage    Failure   Level
a - Ensorcelled Hibernat  Hex/Ice        28%        N/A       7%          2
b - Confusing Touch       Hex            22%        N/A       6%          3

Your spell library contained the following spells:

 Spells                   Type           Power      Damage    Failure   Level
 Slow                     Hex            88%        N/A       1%          1
 Sigil of Binding         Hex            22%        N/A       6%          3
 Tukima's Dance           Hex            22%        N/A       6%          3
 Dazzling Flash           Conj/Hex       24%        N/A       17%         3
 Scorch                   Fire           4%         2d5       22%         2
 Vampiric Draining        Necr           2%         2d6       41%         3
 Flame Wave               Conj/Fire      2%         2d4       83%         4
 Summon Cactus Giant      Summ           1%         N/A       100%        6


Dungeon Overview and Level Annotations

Branches:
Dungeon (3/15)              Sewer (1/1)

Altars:

Annotations:
D:2 big unfinished vault, 2 exclusions


Innate Abilities, Weirdness & Mutations

Your natural rate of healing is accelerated.
You have razor-sharp teeth.
You have supernaturally acute eyesight. (SInv)
You are afflicted with vampirism and can become a bat while bloodless.


Message History

You see here a rat corpse.
Things that are here:
a rat corpse; a rat corpse; a river rat corpse You enter the shallow water.
Moving in this stuff is going to be slow.
You enter the shallow water.
Moving in this stuff is going to be slow.
You enter the shallow water.
Moving in this stuff is going to be slow.
You enter the shallow water.
Moving in this stuff is going to be slow.
You enter the shallow water.
Moving in this stuff is going to be slow.
You open the door.
A hell rat comes into view.
Found seven items.
Found a gate leading back out of this place.
Unknown command.
There is an open door here.
You enter the shallow water.
Moving in this stuff is going to be slow.
The hell rat roars deafeningly!
The hell rat barely misses you.
Casting: Ensorcelled Hibernation (safe; 7% risk of failure)
Confirm with . or Enter, or press ? or * to list all spells.
Aiming: Ensorcelled Hibernation (safe; 7% risk of failure)
Press: ? - help, Shift-Dir - straight line, f - hell rat
Aim: a hell rat (chance to affect: 48%)
The hell rat resists with some effort.
The hell rat bites you!
You feel drained. The hell rat bites you!
* * * LOW HITPOINT WARNING * * *
You feel drained.
* * * LOW HITPOINT WARNING * * *
Okay, then.
Press: ? - help, v - describe, . - travel
Here: a hell rat Some shallow water.
You fade into invisibility!
The hell rat bites you!
You die...

#####
###~~.###
#....~.~#
##~.~~~~~##
#~.~###.~.#
##..##~##.~##
#.~~#~..#..~#
#~~##?~~##.~#
#~~#?!~r@#~~#
#∩∩#∩?~~~'..#
#~~#!?~~~#~~#
#~~##?~~##..#
#~..#~~.#.~~#
##~.##.##.~##
#~~~###~.~#
##.~†.†..##
#~~..~..#


You could see a hell rat (unable to see you).

Vanquished Creatures
  6 adders
  6 river rats
  A dart slug (D:1)
  2 ribbon worms (D:3)
  2 bats (D:1)
  3 endoplasms
  7 goblins
  7 hobgoblins
  4 jackals (D:2)
  4 quokkas
  5 ball pythons (D:1)
  2 frilled lizards
  A kobold (D:1)
  8 rats
58 creatures vanquished.

Notes
Turn   | Place    | Note
-------+----------+-------------------------------------------
     0 | D:1      | tilp the Vampire Enchanter began the quest for the Orb.
     0 | D:1      | Reached XP level 1. HP: 13/13 MP: 3/3
   133 | D:1      | Reached XP level 2. HP: 20/20 MP: 5/5
   137 | D:1      | Learned a level 2 spell: Ensorcelled Hibernation
   916 | D:1      | Reached skill level 1 in Long Blades
  1220 | D:2      | Gained mutation: You are afflicted with vampirism and can
                  | become a bat while bloodless. [Vampire growth]
  1220 | D:2      | Reached XP level 3. HP: 25/25 MP: 3/6
  1233 | D:2      | Learned a level 3 spell: Confusing Touch
  1809 | D:2      | Reached skill level 1 in Fighting
  2165 | D:3      | Identified the +9 hand axe of the Land of Plenty {freeze,
                  | rPois Will+}
  2203 | D:3      | Reached XP level 4. HP: 13/32 MP: 4/7
  2248 | D:3      | Reached skill level 5 in Stealth
  2248 | D:3      | Reached skill level 1 in Ice Magic
  2341 | D:3      | Reached XP level 5. HP: 16/38 MP: 0/8
  2402 | D:3      | Found a glowing drain.
  2419 | Sewer    | Entered a sewer
  2628 | Sewer    | Mangled by a hell rat

Illustrated notes

Levels and vault maps discovered:
D:1:      shiori_arrival_maze, layout_loops_ring, item_on_display_a
D:2:      minmay_razor_zed, layout_basic
D:3:      layout_basic, serial_shops, shop_statue, lightli_sewer_entry_pipes
Sewer:    sewer_hellmonk_bad_rat

Skill      XL: |  1  2  3  4  5 |
---------------+----------------+-----
Long Blades    | 1 2 |  2.1
Fighting       | 1 |  1.8
Stealth        | 5 |  5.1
Ice Magic      | 1 |  1.1
Short Blades   | 2 |  2.0
Dodging        | |  2.8
Spellcasting   | |  2.4
Hexes          | |  4.9

Action                     |  1- 3 |  4- 6 || total
---------------------------+-------+-------++-------
  Melee: Dagger            |    86 |    73 ||   159
         Bite              |     8 |     6 ||    14
         Punch             |     2 |       ||     2
   Cast: Ensorcelled Hiber |    22 |    17 ||    39
    Use: Scroll            |     6 |     1 ||     7
         Potion            |       |     3 ||     3
   Stab: Sleeping          |    23 |     8 ||    31
 Armour: Robe              |    39 |    48 ||    87
  Dodge: Dodged            |    62 |    52 ||   114

Table legend: (Time is in decaauts)
 A = Elapsed time spent in this place.
 B = Non-inter-level travel time spent in this place.
 C = Inter-level travel time spent in this place.
 D = Time resting spent in this place.
 E = Time spent auto-exploring this place.
 F = Levels seen in this place.
 G = Mean time per level.
                   A        B        C        D        E       F      G
               +--------+--------+--------+--------+--------+-----+--------+
         Total |   2651 |   2515 |    136 |    346 |   1579 |   4 |  662.8 |
       Dungeon |   2432 |   2296 |    136 |    227 |   1568 |   3 |  810.7 |
         Sewer |    219 |    219 |      0 |    119 |     11 |   1 |  219.0 |
               +--------+--------+--------+--------+--------+-----+--------+

Top non-repeatable levels by time:
     D:1: 1113 daAuts
     D:2: 1027 daAuts
     D:3: 290 daAuts
   Sewer: 219 daAuts
